 Dungeon Crawl Stone Soup version 0.22-a0-580-gd5db89c (webtiles) character file.

9313 Mgcat the Thaumaturge (level 11, -10/81 HPs)
             Began as a Gnoll Wanderer on July 3, 2018.
             Was a Follower of Ashenzari.
             Killed from afar by an oklob plant (18 damage)
             ... with a splash of acid
             ... on level 10 of the Dungeon.
             The game lasted 00:41:05 (10778 turns).

Mgcat the Thaumaturge (Gnoll Wanderer)             Turns: 10778, Time: 00:41:05

Health: -10/81     AC:  4    Str: 19    XL:     11   Next: 44%
Magic:  9/26       EV: 29    Int: 19    God:    Ashenzari [*.....]
Gold:   509        SH:  5    Dex: 13    Spells: 12/32 levels left

rFire    + . .     SeeInvis .   y - +7 war axe "Pendulum" {venom, rPois} (curse)
rCold    + + +     Gourm    .   h - +0 buckler
rNeg     . . .     Faith    .   c - +2 ring mail {rF+}
rPois    +         Spirit   .   (no helmet)
rElec    +         Reflect  .   (no cloak)
rCorr    .         Harm     .   K - +0 pair of gloves (curse)
MR       .....                  l - +2 pair of boots (curse)
Stlth    +++.......             s - amulet of the acrobat
HPRegen  0.23/turn              L - ring "Ikuastao" {*Slow rElec rPois rC+++ Str+4}
MPRegen  0.20/turn              J - ring of Xoco {Wiz Str-3 Int+3} (curse)

@: corroded
A: distributed training, fangs 1, strong nose
a: Curse Item, Scrying, Renounce Religion


You were on level 10 of the Dungeon.
You worshipped Ashenzari.
Ashenzari was aware of your devotion.
You were not hungry.

You visited 2 branches of the dungeon, and saw 11 of its levels.

You collected 509 gold pieces.

Inventory:

Hand Weapons
 y - the cursed +7 war axe "Pendulum" (weapon) {venom, rPois}
   (You found it on level 5 of the Dungeon)

   It poisons the flesh of those it strikes.
   It protects you from poison.
   It has a curse placed upon it.
 N - the +8 hand crossbow of Spring {freeze, rPois rF+ Str+4}
   (You found it on level 10 of the Dungeon)

   It causes projectiles fired from it to freeze those they strike, causing
   extra injury to most foes and up to half again as much damage against
   particularly susceptible opponents.
   They can also slow down cold-blooded creatures.
   It affects your strength (+4).
   It protects you from fire.
   It protects you from poison.
Missiles
 n - 4 throwing nets {=f, !d}
Armour
 c - a +2 ring mail of fire resistance (worn)
   (You found it on level 4 of the Dungeon)
 h - a +0 buckler (worn)
   (You found it on level 4 of the Dungeon)
 l - a cursed +2 pair of boots (worn)
   (You found it on level 1 of the Dungeon)
 I - a +1 pair of gloves
   (You found it on level 6 of the Dungeon)
 K - a cursed +0 pair of gloves (worn)
   (You found it on level 8 of the Dungeon)
Magical Staves
 d - an uncursed staff of cold {rC+}
   (You found it on level 5 of the Dungeon)
 g - an uncursed staff of energy {+MP, hungerless spells, !d!a@w1}
   (You found it on level 10 of the Dungeon)
Jewellery
 s - an amulet of the acrobat (around neck)
   (You found it on level 5 of the Dungeon)
 t - an uncursed ring of ice {rC+, rF-}
   (You found it on level 2 of the Dungeon)
 u - an uncursed amulet of faith {Faith, !P}
   (You found it on level 2 of the Dungeon)
 x - an uncursed ring of magical power {MP+9}
   (You found it on level 3 of the Dungeon)
 A - an uncursed ring of see invisible {sInv, !d}
   (You found it on level 4 of the Dungeon)
 G - an uncursed ring of poison resistance {rPois, !d}
   (You found it on level 7 of the Dungeon)
 H - an uncursed ring of resist corrosion
   (You found it on level 6 of the Dungeon)
 J - the cursed ring of Xoco (right hand) {Wiz Str-3 Int+3}
   (You took it off a wizard on level 7 of the Dungeon)

   [ring of wizardry]

   It improves your spell success rate.
   It affects your strength (-3).
   It affects your intelligence (+3).
   It has a curse placed upon it.
 L - the ring "Ikuastao" (left hand) {*Slow rElec rPois rC+++ Str+4}
   (You found it on level 10 of the Dungeon)

   [ring of strength]

   It affects your strength (+4).
   It renders you almost immune to cold.
   It insulates you from electricity.
   It protects you from poison.
   It may slow you when you take damage.
Wands
 a - a wand of iceblast (11)
   (You found it on level 8 of the Dungeon)
 r - a wand of flame (22)
   (You found it on level 4 of the Dungeon)
 F - a wand of digging (13)
   (You took it off Joseph on level 8 of the Dungeon)
 M - a wand of polymorph (10)
   (You found it on level 8 of the Dungeon)
Scrolls
 b - 3 scrolls of teleportation
 i - a scroll of blinking {!r}
 p - a scroll of identify
 B - a scroll of magic mapping {unknown}
 C - 3 scrolls of enchant weapon
 E - a scroll of immolation {!r}
Potions
 e - 2 potions of cancellation
 j - a potion of invisibility {unknown}
 k - 4 potions of lignification {!q}
 m - 2 potions of flight
 o - 2 potions of resistance
 q - 5 potions of heal wounds
 v - a potion of haste
 w - 4 potions of agility
 z - 3 potions of mutation {!q}
 D - 4 potions of curing
Comestibles
 f - 20 rations
 O - 13 chunks of flesh {@w0}


   Skills:
 + Level 6.2 Fighting
 + Level 6.2 Short Blades
 + Level 6.2 Long Blades
 + Level 6.2 Axes
 + Level 6.2 Maces & Flails
 + Level 6.2 Polearms
 + Level 6.2 Staves
 + Level 6.2 Slings
 + Level 6.2 Bows
 + Level 6.2 Crossbows
 + Level 6.2 Throwing
 + Level 6.2 Armour
 + Level 6.2 Dodging
 + Level 6.2 Stealth
 + Level 6.7 Shields
 + Level 6.2 Unarmed Combat
 + Level 11.0 Spellcasting
 + Level 5.6 Conjurations
 + Level 5.1 Hexes
 + Level 5.1 Charms
 + Level 5.1 Summonings
 + Level 5.1 Necromancy
 + Level 5.6 Translocations
 + Level 5.1 Transmutations
 + Level 5.1 Fire Magic
 + Level 6.4 Ice Magic
 + Level 5.1 Air Magic
 + Level 5.1 Earth Magic
 + Level 5.1 Poison Magic
 + Level 6.8 Invocations
 + Level 6.7 Evocations


You had 12 spell levels left.
You knew the following spells:

 Your Spells              Type           Power        Failure   Level  Hunger
a - Magic Dart            Conj           ####         1%          1    None
b - Blink                 Tloc           N/A          1%          2    None
c - Call Imp              Summ           ####....     1%          2    None
d - Slow                  Hex            ####....     1%          2    None
e - Conjure Flame         Conj/Fire      ####....     1%          3    None
f - Mephitic Cloud        Conj/Pois/Air  ####....     1%          3    None
g - Dazzling Spray        Conj/Hex       ####..       1%          3    None
h - Fulminant Prism       Conj/Hex       ####......   4%          4    ##.....

Your spell library contained the following spells:

 Spells                   Type           Power        Failure   Level  Hunger
 Iskenderun's Mystic Bla  Conj           ####....     4%          4    ##.....
 Force Lance              Conj/Tloc      ####....     4%          4    ##.....
 Searing Ray              Conj           ####..       1%          2    None


Dungeon Overview and Level Annotations

Branches:
Dungeon (10/15)            Temple (1/1) D:7            Lair (0/6) D:10
    Orc: D:9-12

Altars:
Ashenzari
Cheibriados
Dithmenos
Elyvilon
Fedhas
Gozag
Hepliaklqana
Kikubaaqudgha
Makhleb
Nemelex Xobeh
Okawaru
Qazlal
Ru
Sif Muna
Trog
Uskayaw
Vehumet
Wu Jian
Xom
Yredelemnul
Zin
The Shining One

Shops:
D:5 }

Annotations:
D:2 exclusion: oklob plant
D:10 exclusion: oklob plant


Innate Abilities, Weirdness & Mutations

Your experience applies equally to all skills.
You have very sharp teeth.
Your uncanny sense of smell can sniff out nearby items.


Message History

You block the hippogriff's attack. The hippogriff closely misses you.
The hippogriff claws you but does no damage.
You slash the hippogriff!
The hippogriff is poisoned.
The hippogriff is severely wounded.
You slash the hippogriff!
The hippogriff is almost dead.
You block the hippogriff's attack. The hippogriff pecks you.
The hippogriff claws you but does no damage.
You barely miss the hippogriff.
The hippogriff is almost dead.
You kill the hippogriff!
Unknown command.
Marking area around the oklob plant as unsafe for travelling.
An oklob plant comes into view.
Unknown command.
Unknown command.
Unknown command.
Unknown command.
Casting: Slow (safe; 1% risk of failure)
Confirm with . or Enter, or press ? or * to list all spells.
Aiming: Fulminant Prism (safe; 4% risk of failure)
Press: ? - help, Dir - move target cursor You conjure a prism of explosive energy!
Your fulminant prism crackles loudly.
Your fulminant prism explodes!
The blast of energy engulfs the plant.
The plant is heavily damaged.
The blast of energy engulfs the oklob plant.
The oklob plant is moderately damaged.
Casting: Fulminant Prism (safe; 4% risk of failure)
Confirm with . or Enter, or press ? or * to list all spells.
Aiming: Fulminant Prism (safe; 4% risk of failure)
Press: ? - help, Dir - move target cursor You conjure a prism of explosive energy!
Your fulminant prism crackles loudly.
Your fulminant prism explodes!
The blast of energy engulfs the plant.
The plant is almost destroyed.
The blast of energy engulfs the oklob plant.
The oklob plant is heavily damaged.
Casting: Fulminant Prism (safe; 4% risk of failure)
Confirm with . or Enter, or press ? or * to list all spells.
Aiming: Fulminant Prism (safe; 4% risk of failure)
Press: ? - help, Dir - move target cursor You conjure a prism of explosive energy!
The oklob plant spits acid at you.
The splash of acid hits your fulminant prism.
Your fulminant prism is splashed with acid.
Your fulminant prism detonates feebly.
Casting: Fulminant Prism (safe; 4% risk of failure)
Confirm with . or Enter, or press ? or * to list all spells.
Aiming: Fulminant Prism (safe; 4% risk of failure)
Press: ? - help, Dir - move target cursor You conjure a prism of explosive energy!
The oklob plant spits acid at you.
The splash of acid hits your fulminant prism.
Your fulminant prism is splashed with acid.
Your fulminant prism detonates feebly.
A sky beast comes into view.
The oklob plant spits acid at you. The splash of acid hits you!
The acid corrodes you!
You are splashed with acid!
The acid burns!
The sky beast hits the plant but does no damage.
Found a staircase to the Lair.
Casting: Fulminant Prism (safe; 4% risk of failure)
Confirm with . or Enter, or press ? or * to list all spells.
Aiming: Fulminant Prism (safe; 4% risk of failure)
Press: ? - help, Dir - move target cursor You conjure a prism of explosive energy!
The sky beast hits the plant but does no damage.
The oklob plant spits acid at you. The splash of acid hits you!
You are splashed with acid!
The acid burns!
Your fulminant prism crackles loudly.
The sky beast hits the plant but does no damage.
Casting: Fulminant Prism (safe; 4% risk of failure)
Confirm with . or Enter, or press ? or * to list all spells.
Aiming: Fulminant Prism (safe; 4% risk of failure)
Press: ? - help, Dir - move target cursor
Okay, then.
Unknown command.
The oklob plant spits acid at you. The splash of acid hits you!
* * * LOW HITPOINT WARNING * * *
The acid corrodes you!
You are splashed with acid!
The acid burns!
* * * LOW HITPOINT WARNING * * *
Your fulminant prism explodes!
The blast of energy engulfs the plant.
You destroy the plant!
The blast of energy engulfs the oklob plant.
The oklob plant is severely damaged.
The blast of energy engulfs the plant.
The plant is moderately damaged.
The blast of energy engulfs the plant.
The plant is heavily damaged.
The blast of energy engulfs the plant.
The plant is moderately damaged.
The sky beast hits the plant but does no damage.
The oklob plant spits acid at you. The splash of acid hits you!
You die...

#...#.....###### # ## ...
#.##...)........ ########
$..#..# #.##......######
........ ##.#..##.
#.......# #. ########
......... #..#..........
..##### ......#
#..#.....####. .......
.#....###.##.##..# ...
#.#### ####.#....##..##..
.##..## #.#
###........@...###.. ....#
.
#.####..<................#
.## .
#...#.....................
#.
.÷..................###...
###..............#...≈ .#
##............#..#... .
#.............#.##.P.#
#.............#.


PPPPY #.#...........# >PP. You could see an oklob plant.

Vanquished Creatures
  A hydra (D:10)
  Erica (D:8)
  2 two-headed ogres
  2 wizards (D:7)
  An orc sorcerer (D:7)
  Joseph (D:8)
  A gargoyle (D:10)
  A merfolk (D:9)
  A troll (D:9)
  A hippogriff (D:10)
  5 yaks (D:10)
  4 orc warriors
  3 sky beasts
  An ice beast (D:10)
  2 ogres
  2 phantoms
  A centaur (D:9)
  6 bullfrogs
  A wyvern skeleton (D:7)
  A water moccasin skeleton (D:6)
  2 scorpions
  8 killer bees
  9 wights (D:7)
  A howler monkey (D:6)
  2 crimson imps
  A bullfrog zombie (D:9)
  A jelly (D:7)
  4 hounds
  4 orc priests
  A bullfrog skeleton (D:6)
  6 orc wizards
  An iguana (D:4)
  9 worker ants
  2 hound skeletons
  A worker ant zombie (D:10)
  3 gnolls (D:4)
  8 adders
  A shadow imp (D:5)
  An adder zombie (D:6)
  2 adder skeletons
  6 worms
  A dart slug (D:2)
  6 leopard geckos
  38 orcs
  8 bats
  A giant cockroach (D:2)
  6 hobgoblins
  6 jackals
  9 kobolds
  7 quokkas
  7 frilled lizards
  4 goblins
  A jackal skeleton (D:7)
  12 rats
  3 fulminant prisms (D:8)
  A plant (D:10)
221 creatures vanquished.

Vanquished Creatures (collateral kills)
  An orc (D:4)
1 creature vanquished.

Vanquished Creatures (others)
  27 fulminant prisms
  12 toadstools (D:2)
39 creatures vanquished.

Grand Total: 261 creatures vanquished

Notes
Turn   | Place    | Note
-------+----------+-------------------------------------------
     0 | D:1      | Reached skill level 9 in Spellcasting
     0 | D:1      | Mgcat the Gnoll Wanderer began the quest for the Orb.
     0 | D:1      | Mgcat set off with: a scroll of teleportation, a potion of curing, a +0 robe, a +0 club, a ration
     0 | D:1      | Reached XP level 1. HP: 13/13 MP: 10/10
    30 | D:1      | Learned a level 1 spell: Magic Dart
    85 | D:1      | Reached skill level 2 in Conjurations
    85 | D:1      | Reached skill level 2 in Translocations
   160 | D:1      | Reached XP level 2. HP: 19/19 MP: 10/12
   321 | D:1      | Reached XP level 3. HP: 23/25 MP: 1/13
   716 | D:2      | Learned a level 2 spell: Blink
   719 | D:2      | Learned a level 2 spell: Call Imp
   722 | D:2      | Learned a level 2 spell: Slow
   726 | D:2      | Learned a level 3 spell: Conjure Flame
   730 | D:2      | Learned a level 3 spell: Mephitic Cloud
  1008 | D:2      | Reached skill level 1 in Invocations
  1102 | D:2      | Reached skill level 1 in Fighting
  1102 | D:2      | Reached skill level 1 in Short Blades
  1102 | D:2      | Reached skill level 1 in Long Blades
  1102 | D:2      | Reached skill level 1 in Axes
  1102 | D:2      | Reached skill level 1 in Maces & Flails
  1102 | D:2      | Reached skill level 1 in Polearms
  1102 | D:2      | Reached skill level 1 in Staves
  1102 | D:2      | Reached skill level 1 in Slings
  1102 | D:2      | Reached skill level 1 in Bows
  1102 | D:2      | Reached skill level 1 in Crossbows
  1102 | D:2      | Reached skill level 1 in Throwing
  1102 | D:2      | Reached skill level 1 in Armour
  1102 | D:2      | Reached skill level 1 in Dodging
  1102 | D:2      | Reached skill level 1 in Stealth
  1102 | D:2      | Reached skill level 1 in Unarmed Combat
  1169 | D:2      | Reached XP level 4. HP: 32/32 MP: 3/15
  1745 | D:2      | Found a blossoming altar of Fedhas.
  1767 | D:2      | Noticed an oklob plant
  2161 | D:3      | Reached skill level 1 in Hexes
  2161 | D:3      | Reached skill level 1 in Charms
  2161 | D:3      | Reached skill level 1 in Summonings
  2161 | D:3      | Reached skill level 1 in Necromancy
  2161 | D:3      | Reached skill level 1 in Transmutations
  2161 | D:3      | Reached skill level 1 in Fire Magic
  2161 | D:3      | Reached skill level 1 in Air Magic
  2161 | D:3      | Reached skill level 1 in Earth Magic
  2161 | D:3      | Reached skill level 1 in Poison Magic
  2267 | D:2      | Found an opulent altar of Gozag.
  2267 | D:2      | Found a sparkling altar of Nemelex Xobeh.
  2267 | D:2      | Found a white marble altar of Elyvilon.
  2267 | D:2      | Found a basalt altar of Yredelemnul.
  2855 | D:4      | Reached XP level 5. HP: 29/37 MP: 13/16
  3067 | D:4      | Reached skill level 3 in Shields
  3067 | D:4      | Reached skill level 3 in Evocations
  3074 | D:4      | Reached skill level 4 in Ice Magic
  3101 | D:4      | HP: 9/37 [worker ant (6)]
  3181 | D:4      | Reached XP level 6. HP: 18/44 MP: 10/18
  3187 | D:4      | Reached skill level 2 in Invocations
  3189 | D:4      | HP: 11/44 [poisoned by a worker ant]
  3194 | D:4      | HP: 8/44 [poisoned by a worker ant]
  3200 | D:4      | HP: 6/44 [poisoned by a worker ant]
  3208 | D:4      | HP: 5/44 [poisoned by a worker ant]
  3216 | D:4      | HP: 4/44 [poisoned by a worker ant]
  4019 | D:5      | Entered Level 5 of the Dungeon
  4024 | D:5      | Reached skill level 2 in Fighting
  4024 | D:5      | Reached skill level 2 in Short Blades
  4024 | D:5      | Reached skill level 2 in Long Blades
  4024 | D:5      | Reached skill level 2 in Axes
  4024 | D:5      | Reached skill level 2 in Maces & Flails
  4024 | D:5      | Reached skill level 2 in Polearms
  4024 | D:5      | Reached skill level 2 in Staves
  4024 | D:5      | Reached skill level 2 in Slings
  4024 | D:5      | Reached skill level 2 in Bows
  4024 | D:5      | Reached skill level 2 in Crossbows
  4024 | D:5      | Reached skill level 2 in Throwing
  4024 | D:5      | Reached skill level 2 in Armour
  4024 | D:5      | Reached skill level 2 in Dodging
  4024 | D:5      | Reached skill level 2 in Stealth
  4024 | D:5      | Reached skill level 2 in Unarmed Combat
  4183 | D:5      | Noticed a moth of wrath
  4186 | D:5      | Found a bloodstained altar of Trog.
  4338 | D:5      | Got a pitted war axe
  4339 | D:5      | Identified the +7 war axe "Pendulum" {venom, rPois} (You found it on level 5 of the Dungeon)
  4389 | D:5      | Noticed a sky beast
  4405 | D:5      | Killed a sky beast
  4405 | D:5      | Reached XP level 7. HP: 50/50 MP: 10/20
  4811 | D:5      | Found Quaziyf's Gadget Emporium.
  4909 | D:5      | Got a twisted quarterstaff
  5068 | D:6      | Reached skill level 2 in Hexes
  5068 | D:6      | Reached skill level 2 in Charms
  5068 | D:6      | Reached skill level 2 in Summonings
  5068 | D:6      | Reached skill level 2 in Necromancy
  5068 | D:6      | Reached skill level 2 in Transmutations
  5068 | D:6      | Reached skill level 2 in Fire Magic
  5068 | D:6      | Reached skill level 2 in Air Magic
  5068 | D:6      | Reached skill level 2 in Earth Magic
  5068 | D:6      | Reached skill level 2 in Poison Magic
  5187 | D:6      | Reached skill level 3 in Conjurations
  5187 | D:6      | Reached skill level 3 in Translocations
  5290 | D:6      | Identified the +5 quarterstaff of the Messenger {distort, rF- rC++ MP+9 SInv} (You found it on level 5 of the Dungeon)
  5298 | D:6      | Reached skill level 3 in Invocations
  5342 | D:6      | Reached XP level 8. HP: 51/57 MP: 21/21
  5943 | D:7      | Reached skill level 3 in Fighting
  5943 | D:7      | Reached skill level 3 in Short Blades
  5943 | D:7      | Reached skill level 3 in Long Blades
  5943 | D:7      | Reached skill level 3 in Axes
  5943 | D:7      | Reached skill level 3 in Maces & Flails
  5943 | D:7      | Reached skill level 3 in Polearms
  5943 | D:7      | Reached skill level 3 in Staves
  5943 | D:7      | Reached skill level 3 in Slings
  5943 | D:7      | Reached skill level 3 in Bows
  5943 | D:7      | Reached skill level 3 in Crossbows
  5943 | D:7      | Reached skill level 3 in Throwing
  5943 | D:7      | Reached skill level 3 in Armour
  5943 | D:7      | Reached skill level 3 in Dodging
  5943 | D:7      | Reached skill level 3 in Stealth
  5943 | D:7      | Reached skill level 4 in Shields
  5943 | D:7      | Reached skill level 3 in Unarmed Combat
  5943 | D:7      | Reached skill level 4 in Evocations
  5986 | D:7      | Noticed an orc sorcerer
  5994 | D:7      | Noticed a wizard
  6005 | D:7      | Noticed a wizard
  6006 | D:7      | Killed a wizard
  6024 | D:7      | Killed a wizard
  6024 | D:7      | Reached skill level 10 in Spellcasting
  6024 | D:7      | Reached skill level 3 in Hexes
  6024 | D:7      | Reached skill level 3 in Charms
  6024 | D:7      | Reached skill level 3 in Summonings
  6024 | D:7      | Reached skill level 3 in Necromancy
  6024 | D:7      | Reached skill level 3 in Transmutations
  6024 | D:7      | Reached skill level 3 in Fire Magic
  6024 | D:7      | Reached skill level 5 in Ice Magic
  6024 | D:7      | Reached skill level 3 in Air Magic
  6024 | D:7      | Reached skill level 3 in Earth Magic
  6024 | D:7      | Reached skill level 3 in Poison Magic
  6024 | D:7      | Reached skill level 4 in Invocations
  6024 | D:7      | Reached XP level 9. HP: 65/65 MP: 23/23
  6049 | D:7      | Got a clouded platinum ring
  6137 | D:7      | Found a shimmering altar of Xom.
  6138 | D:7      | Found a hazy altar of Hepliaklqana.
  6139 | D:7      | Noticed a spectral ugly thing
  6184 | D:7      | Learned a level 3 spell: Dazzling Spray
  6204 | D:7      | Reached skill level 4 in Fighting
  6204 | D:7      | Reached skill level 4 in Short Blades
  6204 | D:7      | Reached skill level 4 in Long Blades
  6204 | D:7      | Reached skill level 4 in Axes
  6204 | D:7      | Reached skill level 4 in Maces & Flails
  6204 | D:7      | Reached skill level 4 in Polearms
  6204 | D:7      | Reached skill level 4 in Staves
  6204 | D:7      | Reached skill level 4 in Slings
  6204 | D:7      | Reached skill level 4 in Bows
  6204 | D:7      | Reached skill level 4 in Crossbows
  6204 | D:7      | Reached skill level 4 in Throwing
  6204 | D:7      | Reached skill level 4 in Armour
  6204 | D:7      | Reached skill level 4 in Dodging
  6204 | D:7      | Reached skill level 4 in Stealth
  6204 | D:7      | Reached skill level 4 in Unarmed Combat
  6204 | D:7      | Reached skill level 4 in Conjurations
  6204 | D:7      | Reached skill level 4 in Translocations
  6353 | D:7      | Killed an orc sorcerer
  6353 | D:7      | Reached skill level 5 in Shields
  6353 | D:7      | Reached skill level 5 in Evocations
  6578 | D:7      | Found a staircase to the Ecumenical Temple.
  6604 | Temple   | Entered the Ecumenical Temple
  6606 | Temple   | Identified the ring of Xoco {Wiz Str-3 Int+3} (You took it off a wizard on level 7 of the Dungeon)
  6612 | Temple   | Learned a level 4 spell: Fulminant Prism
  6797 | Temple   | Became a worshipper of Ashenzari the Shackled
  6949 | D:7      | Reached skill level 5 in Invocations
  7101 | D:8      | Noticed a two-headed ogre
  7128 | D:8      | Killed a two-headed ogre
  7128 | D:8      | Reached skill level 4 in Hexes
  7128 | D:8      | Reached skill level 4 in Charms
  7128 | D:8      | Reached skill level 4 in Summonings
  7128 | D:8      | Reached skill level 4 in Necromancy
  7128 | D:8      | Reached skill level 4 in Transmutations
  7128 | D:8      | Reached skill level 4 in Fire Magic
  7128 | D:8      | Reached skill level 4 in Air Magic
  7128 | D:8      | Reached skill level 4 in Earth Magic
  7128 | D:8      | Reached skill level 4 in Poison Magic
  7128 | D:8      | Reached XP level 10. HP: 73/73 MP: 1/24
  7446 | D:8      | Found a stormy altar of Qazlal.
  7464 | D:8      | Noticed Erica
  7475 | D:8      | HP: 17/73 [Erica/orb of energy (26)]
  7481 | D:8      | HP: 15/73 [poisoned by Erica (bolt of poison)]
  7488 | D:8      | HP: 15/73 [poisoned by Erica (bolt of poison)]
  7784 | D:8      | Killed Erica
  7784 | D:8      | Reached skill level 5 in Fighting
  7784 | D:8      | Reached skill level 5 in Short Blades
  7784 | D:8      | Reached skill level 5 in Long Blades
  7784 | D:8      | Reached skill level 5 in Axes
  7784 | D:8      | Reached skill level 5 in Maces & Flails
  7784 | D:8      | Reached skill level 5 in Polearms
  7784 | D:8      | Reached skill level 5 in Staves
  7784 | D:8      | Reached skill level 5 in Slings
  7784 | D:8      | Reached skill level 5 in Bows
  7784 | D:8      | Reached skill level 5 in Crossbows
  7784 | D:8      | Reached skill level 5 in Throwing
  7784 | D:8      | Reached skill level 5 in Armour
  7784 | D:8      | Reached skill level 5 in Dodging
  7784 | D:8      | Reached skill level 5 in Stealth
  7784 | D:8      | Reached skill level 5 in Unarmed Combat
  8239 | D:8      | Noticed Joseph
  8252 | D:8      | Killed Joseph
  8690 | D:9      | Reached skill level 6 in Shields
  8690 | D:9      | Reached skill level 6 in Evocations
  8719 | D:9      | Reached skill level 5 in Conjurations
  8719 | D:9      | Reached skill level 5 in Translocations
  8753 | D:9      | Reached skill level 6 in Ice Magic
  8753 | D:9      | Reached skill level 6 in Invocations
  9424 | D:9      | Found a glowing silver altar of Zin.
  9895 | D:10     | Entered Level 10 of the Dungeon
  9909 | D:10     | Noticed a seven-headed hydra
  9934 | D:10     | Killed a nine-headed hydra
  9934 | D:10     | Reached XP level 11. HP: 46/81 MP: 3/25
 10055 | D:10     | Reached * piety under Ashenzari
 10284 | D:10     | Identified the +8 hand crossbow of Spring {freeze, rPois rF+ Str+4}
 10285 | D:10     | Identified the ring "Ikuastao" {*Slow rElec rPois rC+++ Str+4}
 10382 | D:10     | Reached skill level 6 in Fighting
 10382 | D:10     | Reached skill level 6 in Short Blades
 10382 | D:10     | Reached skill level 6 in Long Blades
 10382 | D:10     | Reached skill level 6 in Axes
 10382 | D:10     | Reached skill level 6 in Maces & Flails
 10382 | D:10     | Reached skill level 6 in Polearms
 10382 | D:10     | Reached skill level 6 in Staves
 10382 | D:10     | Reached skill level 6 in Slings
 10382 | D:10     | Reached skill level 6 in Bows
 10382 | D:10     | Reached skill level 6 in Crossbows
 10382 | D:10     | Reached skill level 6 in Throwing
 10382 | D:10     | Reached skill level 6 in Armour
 10382 | D:10     | Reached skill level 6 in Dodging
 10382 | D:10     | Reached skill level 6 in Stealth
 10382 | D:10     | Reached skill level 6 in Unarmed Combat
 10394 | D:10     | Reached skill level 5 in Hexes
 10394 | D:10     | Reached skill level 5 in Charms
 10394 | D:10     | Reached skill level 5 in Summonings
 10394 | D:10     | Reached skill level 5 in Necromancy
 10394 | D:10     | Reached skill level 5 in Transmutations
 10394 | D:10     | Reached skill level 5 in Fire Magic
 10394 | D:10     | Reached skill level 5 in Air Magic
 10394 | D:10     | Reached skill level 5 in Earth Magic
 10394 | D:10     | Reached skill level 5 in Poison Magic
 10399 | D:10     | Reached skill level 11 in Spellcasting
 10653 | D:10     | Noticed a two-headed ogre
 10668 | D:10     | Killed a two-headed ogre
 10762 | D:10     | Noticed an oklob plant
 10774 | D:10     | Found a staircase to the Lair.
 10777 | D:10     | HP: 8/81 [acid (15)]
 10778 | D:10     | Killed from afar by an oklob plant

Vault maps used:
D:1:      lemuel_arrival_river_ford
D:2:      nicolae_overflow_hidden_temple, tgw_fedhas
D:4:      chequers_ossuary_entry_cave, first_ration
D:5:      tgw_trog, serial_shops, shop, minmay_misc_feat_nine_boxes
D:7:      cheibrodos_wizards_tower, regret_index_temple_of_mockery,
          minmay_temple_entry_hall
D:8:      lemuel_round_altar, uniq_joseph, uniq_erica
D:9:      marbit_many_paths, hangedman_fish_farm
D:10:     dpeg_oklobed_lair, minmay_diamond_spiral
Temple:   dshaligram_water_room_temple

Skill      XL: |  1  2  3  4  5  6  7  8  9 10 11 |
---------------+----------------------------------+-----
Spellcasting   | 10 11 | 11.0
Conjurations   | 2 3 4 5 |  5.6
Translocations | 2 3 4 5 |  5.6
Invocations    | 1 2 3 4 5 6 |  6.8
Fighting       | 1 2 3 4 5 6 |  6.2
Short Blades   | 1 2 3 4 5 6 |  6.2
Long Blades    | 1 2 3 4 5 6 |  6.2
Axes           | 1 2 3 4 5 6 |  6.2
Maces & Flails | 1 2 3 4 5 6 |  6.2
Polearms       | 1 2 3 4 5 6 |  6.2
Staves         | 1 2 3 4 5 6 |  6.2
Slings         | 1 2 3 4 5 6 |  6.2
Bows           | 1 2 3 4 5 6 |  6.2
Crossbows      | 1 2 3 4 5 6 |  6.2
Throwing       | 1 2 3 4 5 6 |  6.2
Armour         | 1 2 3 4 5 6 |  6.2
Dodging        | 1 2 3 4 5 6 |  6.2
Stealth        | 1 2 3 4 5 6 |  6.2
Unarmed Combat | 1 2 3 4 5 6 |  6.2
Hexes          | 1 2 3 4 5 |  5.1
Charms         | 1 2 3 4 5 |  5.1
Summonings     | 1 2 3 4 5 |  5.1
Necromancy     | 1 2 3 4 5 |  5.1
Transmutations | 1 2 3 4 5 |  5.1
Fire Magic     | 1 2 3 4 5 |  5.1
Air Magic      | 1 2 3 4 5 |  5.1
Earth Magic    | 1 2 3 4 5 |  5.1
Poison Magic   | 1 2 3 4 5 |  5.1
Shields        | 3 4 5 6 |  6.7
Evocations     | 3 4 5 6 |  6.7
Ice Magic      | 4 5 6 |  6.4

Action                   |  1- 3 |  4- 6 |  7- 9 | 10-12 || total
-------------------------+-------+-------+-------+-------++-------
Melee: Club              |     9 |       |       |       ||     9
       Bite              |     2 |     6 |    15 |    18 ||    41
       Dagger            |     6 |    45 |       |       ||    51
       War axe           |       |       |   145 |   177 ||   322
 Cast: Magic Dart        |    82 |   190 |     8 |    50 ||   330
       Slow              |     4 |     8 |     6 |     3 ||    21
       Mephitic Cloud    |     2 |     9 |    10 |     4 ||    25
       Call Imp          |       |     1 |     1 |     1 ||     3
       Conjure Flame     |       |     3 |     2 |     4 ||     9
       Fulminant Prism   |       |       |     2 |    28 ||    30
       Dazzling Spray    |       |       |     1 |     3 ||     4
       Blink             |       |       |       |     7 ||     7
Invok: Curse Item        |       |       |       |     3 ||     3
  Use: Scroll            |       |     8 |     5 |    10 ||    23
       Potion            |       |     1 |       |       ||     1
 Stab: Sleeping          |     1 |       |     1 |       ||     2
       Confused          |       |       |     4 |     1 ||     5
  Eat: Chunk             |       |    11 |     8 |    10 ||    29
       Ration            |       |       |       |     1 ||     1
Armor: Robe              |     8 |       |       |       ||     8
       Leather armour    |       |    11 |       |       ||    11
       Ring mail         |       |     8 |    46 |    48 ||   102
Dodge: Dodged            |    11 |    40 |    69 |   128 ||   248
Block: Buckler           |       |    13 |    34 |    49 ||    96

Table legend:
 A = Spawn XP
 B = Non-spawn XP
 C = Spawn XP percentage of total XP
 D = Spawn monster count
 E = Non-spawn monster count
 F = Spawn count percentage of total count
 G = Total turns spent on level
                    A         B        C        D         E        F      G
               +---------+---------+-------+---------+---------+-------+---------
         Total |       0 |   13305 |   0.0 |       0 |     218 |   0.0 | 10778
               +---------+---------+-------+---------+---------+-------+---------
           D:1 |       0 |      42 |   0.0 |       0 |      29 |   0.0 |   724
           D:2 |       0 |      64 |   0.0 |       0 |      19 |   0.0 |  1264
           D:3 |       0 |      40 |   0.0 |       0 |      14 |   0.0 |   792
           D:4 |       0 |     316 |   0.0 |       0 |      22 |   0.0 |  1263
           D:5 |       0 |     264 |   0.0 |       0 |      18 |   0.0 |   943
           D:6 |       0 |     562 |   0.0 |       0 |      14 |   0.0 |   883
           D:7 |       0 |    2962 |   0.0 |       0 |      29 |   0.0 |  1252
           D:8 |       0 |    2945 |   0.0 |       0 |      21 |   0.0 |  1516
           D:9 |       0 |    1752 |   0.0 |       0 |      22 |   0.0 |  1254
          D:10 |       0 |    4358 |   0.0 |       0 |      30 |   0.0 |   684
               +---------+---------+-------+---------+---------+-------+---------

Vault maps used:
D:1:      lemuel_arrival_river_ford
D:2:      nicolae_overflow_hidden_temple, tgw_fedhas
D:4:      chequers_ossuary_entry_cave, first_ration
D:5:      tgw_trog, serial_shops, shop, minmay_misc_feat_nine_boxes
D:7:      cheibrodos_wizards_tower, regret_index_temple_of_mockery,
          minmay_temple_entry_hall
D:8:      lemuel_round_altar, uniq_joseph, uniq_erica
D:9:      marbit_many_paths, hangedman_fish_farm
D:10:     dpeg_oklobed_lair, minmay_diamond_spiral
Temple:   dshaligram_water_room_temple

Table legend:
 A = Turns spent in this place as a percentage of turns spent in the entire game.
 B = Non-inter-level travel turns spent in this place as a percentage of non-inter-level travel turns spent in the entire game.
 C = Inter-level travel turns spent in this place as a percentage of turns spent in this place.
 D = Turns resting spent in this place as a percentage of non-inter-level travel turns spent in this place.
 E = Turns spent auto-exploring this place as a percentage of non-inter-level travel turns spent in this place.
 F = Non-inter-level travel turns spent in this place divided by the number of levels of this place that you've seen.
                   A       B       C       D       E      F
               +-------+-------+-------+-------+-------+----------------------
         Total | 100.0 | 100.0 |   8.0 |   4.7 |  74.8 | 901.3
       Dungeon |  98.1 |  98.7 |   7.4 |   4.7 |  74.7 | 978.9
        Temple |   1.9 |   1.3 |  38.4 |   0.0 |  87.2 | 125.0
               +-------+-------+-------+-------+-------+----------------------

Table legend:
 A = Kills in this place as a percentage of kills in entire the game.
 B = Kills by you in this place as a percentage of kills by you in the entire game.
 C = Kills by friends in this place as a percentage of kills by friends in the entire game.
 D = Other kills in this place as a percentage of other kills in the entire game.
 E = Experience gained in this place as a percentage of experience gained in the entire game.
 F = Experience gained in this place divided by the number of levels of this place that you have seen.
                   A       B       C       D       E      F
               +-------+-------+-------+-------+-------+----------------------
         Total | 100.0 | 100.0 | 100.0 | 100.0 | 100.0 | 1209.5
       Dungeon | 100.0 | 100.0 | 100.0 | 100.0 | 100.0 | 1330.5
               +-------+-------+-------+-------+-------+----------------------
